Map: Ruins of Seras

Players

wallfacer (ZhuGeLiang)

  • Race: Zerg Zerg
  • League: Grandmaster

MarineLorD - Winner!

  • Race: Terran Terran
  • League: Grandmaster

Event: NationWars III

VOD

https://www.youtube.com/watch?v=IZ-c38SBSu0

Description

Time

  • Played on: Jan. 3, 2016, noon
  • Length: 20:22
Show
View Real Time Build Order
Export as new Build Order

wallfacer Zerg 

Build Orders: Hatch First 

Get SALT Encoding   

  12  0:01  Drone  
  13  0:12  Overlord  
  13  0:18  Drone  
  14  0:31  Drone x2  
  14  0:34  Drone  
  17  0:53  Hatchery  
  17  0:55  Drone  
  17  0:59  Drone  
  18  1:04  Extractor  
  17  1:15  Spawning Pool  
  17  1:17  Drone  
  17  1:21  Drone  
  18  1:29  Drone  
  19  1:39  Overlord  
  19  2:01  Queen  
  19  2:02  Zergling x4  
  19  2:05  Queen  
  19  2:06  Zergling x2  
  26  2:12  Metabolic Boost  
  26  2:14  Drone  
  27  2:18  Drone  
  27  2:22  Drone  
  29  2:28  Drone  
  30  2:36  Drone  
  31  2:37  Queen  
  31  2:43  Overlord  
  31  2:44  Drone  
  31  2:48  Drone  
  33  2:54  Drone  
  34  3:02  Drone  
  35  3:06  Drone  
  35  3:08  Hatchery  
  35  3:09  Drone  
  35  3:11  Drone x2  
  38  3:17  Drone x2  
  38  3:18  Overlord  
  40  3:22  Drone x2  
  42  3:28  Zergling x2  
  43  3:38  Hatchery  
  42  3:44  Drone  
  42  3:46  Drone  
  42  3:47  Roach Warren  
  44  3:48  Drone x2  
  44  3:52  Drone  
  44  3:53  Drone x2  
  44  3:55  Drone  
  49  3:58  Overlord  
  49  4:00  Zergling x2  
  49  4:02  Drone  
  51  4:06  Extractor x2  
  51  4:09  Queen  
  51  4:13  Overlord  
  51  4:23  Overlord  
  51  4:25  Drone x6  
  51  4:31  Overlord  
  57  4:41  Overlord  
  57  4:46  Spore Crawler x2  
  57  4:48  Zergling x10  
  59  5:01  Drone  
  59  5:02  Drone x6  
  63  5:17  Evolution Chamber  
  63  5:18  Evolution Chamber  
  61  5:22  Overlord  
  61  5:26  Drone x9  
  70  5:30  Lair  
  70  5:41  Overlord, Drone  
  70  5:42  Drone x4  
  75  5:45  Extractor  
  75  5:46  Zerg Ground Armor Level 1  
  74  5:51  Zerg Melee Weapons Level 1  
  74  5:53  Extractor x2  
  74  5:55  Drone x2  
  74  6:01  Spore Crawler  
  73  6:16  Drone  
  73  6:17  Drone x6  
  80  6:21  Drone x9  
  89  6:28  Overlord  
  88  6:33  Baneling Nest  
  88  6:35  Spire, Roach  
  88  6:36  Roach  
  90  6:48  Zergling x14  
  96  7:01  Overlord  
  96  7:10  Overlord  
  96  7:14  Drone x3  
  93  7:28  Overlord, Centrifical Hooks  
  93  7:35  Drone x3  
  95  7:37  Ravager x2  
  95  7:39  Roach x7  
  95  7:40  Hatchery, Zergling x10  
  115  7:51  Corruptor x2  
  116  7:58  Zerg Ground Armor Level 2  
  116  7:59  Zerg Melee Weapons Level 2  
  116  8:01  Corruptor  
  112  8:13  Drone  
  112  8:14  Drone x8  
  121  8:35  Corruptor  
  121  8:36  Corruptor x3  
  121  8:39  Ravager  
  121  8:40  Ravager x6  
  136  8:42  Overlord x4  
  136  8:50  Baneling  
  136  8:51  Baneling x7  
  136  8:53  Zergling x12  
  142  8:56  Zergling x6  
  145  9:09  Zergling x2  
  148  9:10  Zergling x22  
  148  9:16  Overseer  
  155  9:18  Zergling x2  
  155  9:19  Zergling x14  
  153  9:24  Zergling x2  
  153  9:25  Zergling x6  
  153  9:29  Zergling x4  
  146  9:36  Zergling x12  
  146  9:38  Pneumatized Carapace  
  149  9:44  Infestation Pit  
  148  9:46  Hatchery  
  148  9:52  Zergling x24  
  159  9:56  Baneling x10  
  159  9:57  Baneling x3  
  159  10:06  Baneling x4  
  159  10:10  Zergling x2  
  159  10:11  Zergling x24  
  172  10:16  Baneling x11  
  172  10:18  Zergling x2  
  168  10:24  Overseer  
  168  10:25  Overseer  
  168  10:31  Drone, Queen  
  168  10:32  Overlord x3  
  168  10:35  Hive  
  170  10:53  Zergling x12  
  170  10:54  Zergling x22  
  187  10:58  Baneling x10  
  178  11:05  Zergling x2  
  178  11:06  Zergling x12  
  151  11:12  Zergling x2  
  151  11:13  Zergling x8  
  151  11:16  Zergling x6  
  132  11:31  Drone x3  
  130  11:36  Baneling x17  
  130  11:38  Zergling x10  
  130  11:39  Zergling x4  
  137  11:51  Adrenal Glands  
  133  12:02  Drone x5  
  133  12:03  Drone x4  
  142  12:20  Queen  
  144  12:24  Zerg Ground Armor Level 3, Zerg Melee Weapons Level 3  
  144  12:28  Zergling x26  
  157  12:30  Ultralisk Cavern  
  157  12:35  Hatchery  
  157  12:36  Zergling x14  
  161  12:45  Overlord x4  
  161  12:56  Overlord  
  162  13:20  Ultralisk x6  
  162  13:22  Chitinous Plating  
  192  13:34  Extractor  
  192  13:35  Extractor  
  192  13:38  Drone  
  191  13:41  Ultralisk  
  191  13:43  Zergling x4  
  191  13:44  Baneling  
  191  13:45  Baneling x3  
  182  14:01  Zergling x24  
  182  14:02  Zergling x8  
  186  14:28  Ultralisk x2  
  196  14:36  Hatchery  
  183  14:42  Zergling x18  
  173  14:50  Overseer  
  173  14:52  Baneling x6  
  165  14:53  Baneling x4  
  165  14:54  Zergling x2  
  163  15:02  Zergling x10  
  161  15:11  Zergling x10  
  156  15:15  Zergling x4  
  156  15:19  Zergling x2  
  156  15:20  Zergling x4  
  127  15:30  Zergling x12  
  132  15:45  Baneling x4  
  132  15:49  Drone  
  133  16:04  Drone  
  134  16:09  Ultralisk x3  
  152  16:12  Zerg Flyer Weapons Level 1  
  152  16:23  Baneling  
  152  16:24  Baneling x9  
  151  16:29  Zergling x8  
  151  16:30  Zergling x10  
  156  16:35  Hatchery  
  147  16:51  Drone x3  
  150  17:00  Drone x3  
  153  17:02  Ultralisk x3  
  170  17:27  Drone x2  
  170  17:29  Zergling x30  
  184  17:42  Zergling x20  
  192  17:52  Zergling x10  
  174  17:59  Zergling x2  
  174  18:04  Zergling x2  
  174  18:05  Zergling x6  
  173  18:11  Zergling x2  
  174  18:14  Zergling x8  
  172  18:26  Zergling x10  
  139  18:30  Zergling x2  
  110  18:38  Hatchery  
  107  18:41  Zergling x10  
  111  19:14  Pathogen Glands  
  111  19:45  Infestor x7  
  108  19:46  Infestor x2  
  108  19:49  Zergling x2  
  108  19:50  Zergling x4  
  129  19:59  Zergling x8  
Show
View Real Time Build Order
Export as new Build Order

MarineLorD Terran - Winner!

Build Orders: Reaper Expand, Bio Mine 

Get SALT Encoding   

  12  0:02  SCV  
  13  0:14  SCV  
  13  0:18  Supply Depot  
  14  0:26  SCV  
  15  0:39  SCV  
  15  0:41  Barracks  
  16  0:45  Refinery  
  16  0:51  SCV  
  17  1:03  SCV  
  18  1:15  SCV  
  19  1:28  Reaper, Orbital Command  
  20  1:43  Command Center  
  20  1:51  Supply Depot  
  20  1:55  SCV  
  20  2:00  Marine  
  22  2:07  SCV  
  23  2:16  Factory  
  23  2:19  SCV  
  23  2:22  Barracks Reactor  
  23  2:31  SCV  
  24  2:43  SCV  
  25  2:47  Refinery  
  25  2:55  SCV, Orbital Command  
  26  2:58  Bunker  
  26  2:59  Marine x2  
  26  3:00  Widow Mine  
  30  3:07  SCV  
  30  3:09  Starport  
  31  3:17  Marine x2  
  31  3:19  SCV  
  34  3:20  SCV  
  34  3:23  Supply Depot  
  35  3:31  Factory Tech Lab, SCV  
  35  3:32  SCV  
  37  3:35  Marine x2  
  39  3:44  SCV x2  
  39  3:46  Medivac  
  43  3:53  Marine x2  
  45  3:56  SCV x2  
  45  3:59  Supply Depot  
  45  4:01  Supply Depot  
  47  4:04  Siege Tank  
  47  4:07  Liberator  
  47  4:09  SCV x2  
  52  4:16  Marine x2  
  54  4:24  Supply Depot  
  54  4:25  SCV  
  54  4:26  SCV  
  59  4:33  Marine x2  
  59  4:38  SCV x2  
  62  4:50  SCV x2  
  62  4:51  Marine x2  
  66  4:55  Liberator  
  66  5:02  SCV x2  
  63  5:12  Command Center  
  64  5:14  SCV  
  64  5:16  Refinery x2  
  64  5:21  SCV  
  63  5:22  Barracks  
  63  5:23  Barracks, Marine  
  63  5:24  Stimpack, Factory Reactor  
  63  5:25  Supply Depot  
  63  5:26  SCV  
  65  5:33  SCV  
  65  5:35  Supply Depot  
  66  5:36  Engineering Bay  
  66  5:38  SCV, Engineering Bay  
  67  5:44  Marine  
  67  5:45  SCV  
  69  5:50  SCV  
  70  5:57  SCV  
  70  5:59  Starport Reactor  
  70  6:02  Terran Infantry Weapons Level 1, SCV, Marine  
  73  6:04  Terran Infantry Armor Level 1  
  73  6:09  SCV, Factory Reactor  
  74  6:11  Barracks  
  74  6:12  Barracks  
  74  6:14  SCV  
  75  6:19  Marine  
  75  6:20  Marine x3  
  75  6:21  SCV, Marine  
  82  6:26  SCV  
  82  6:30  Orbital Command  
  82  6:33  SCV  
  82  6:35  Supply Depot  
  82  6:36  Medivac  
  82  6:37  Marine, Medivac  
  82  6:38  SCV, Marine  
  90  6:41  Marine x2  
  90  6:42  Marine  
  90  6:45  SCV  
  94  6:51  SCV  
  94  6:52  Armory  
  94  6:53  Orbital Command  
  94  6:54  Widow Mine x2  
  95  6:57  Marine x2  
  95  6:58  SCV  
  95  6:59  Marine  
  103  7:03  SCV, Marine  
  103  7:07  Marine  
  105  7:10  SCV  
  105  7:13  Medivac  
  105  7:14  Medivac  
  105  7:15  SCV, Marine x2  
  111  7:17  Marine  
  111  7:21  SCV  
  111  7:22  Refinery, Marine  
  117  7:28  Bunker  
  117  7:31  Supply Depot x2, SCV, Marine  
  117  7:33  Marine x2  
  117  7:36  Supply Depot, Widow Mine x2  
  117  7:37  Marine  
  117  7:38  Combat Shields  
  117  7:40  Marine  
  117  7:43  Barracks Reactor, Barracks Tech Lab  
  117  7:44  SCV  
  124  7:49  Marine  
  125  7:51  Supply Depot  
  125  7:52  Medivac x2, Marine x2  
  125  7:55  Marine  
  125  7:56  SCV  
  125  7:58  Marine  
  128  8:03  Marine  
  128  8:05  SCV, Widow Mine x2  
  130  8:07  Marine  
  130  8:10  Terran Infantry Weapons Level 2, Concussive Shells, Marine x2  
  130  8:12  Marine  
  136  8:15  Supply Depot, Marine  
  136  8:16  Supply Depot  
  136  8:18  Refinery  
  138  8:21  Marine  
  138  8:22  Medivac  
  138  8:23  Marine x2  
  138  8:25  Marine  
  139  8:28  Marine x2  
  139  8:30  Marine  
  139  8:33  Widow Mine x2, Marine  
  140  8:38  Factory, Terran Infantry Armor Level 2, Liberator  
  140  8:39  Marine  
  140  8:40  Terran Ship Weapons Level 1  
  140  8:41  Marine x2  
  147  8:42  Marine  
  147  8:46  Marine x2  
  150  8:52  Supply Depot  
  150  8:56  Marine  
  150  9:01  Marine x2  
  150  9:02  Marauder, Widow Mine x2, Marine x2  
  160  9:04  Marine  
  160  9:05  Supply Depot  
  160  9:07  Marine  
  162  9:14  Marine  
  159  9:19  Marine x4  
  159  9:21  Marine  
  159  9:23  Marauder  
  160  9:25  Marine  
  147  9:32  Marine  
  147  9:36  Widow Mine x2  
  147  9:37  Marine x4  
  147  9:39  Barracks, Marine  
  147  9:40  Barracks x2  
  147  9:41  Factory Tech Lab  
  147  9:43  Marauder  
  83  9:45  Medivac x2  
  146  9:46  Marauder  
  146  9:49  Marine  
  145  9:55  Command Center, Marine x3  
  148  10:01  Marine x2  
  148  10:02  Siege Tank  
  148  10:04  Marine  
  148  10:05  Drilling Claws  
  154  10:11  Marauder, Marine  
  154  10:12  Marine  
  154  10:13  Marine x2  
  160  10:18  Marine  
  160  10:21  Marine  
  161  10:22  Marine  
  161  10:26  Barracks Tech Lab  
  161  10:28  Barracks Tech Lab x2, Marine  
  162  10:29  Terran Infantry Weapons Level 3  
  162  10:30  Ghost Academy, Marine  
  162  10:32  Marauder  
  166  10:38  Marine x2  
  168  10:43  Supply Depot x2, Siege Tank  
  168  10:44  Marauder, Marine  
  168  10:45  Marauder  
  168  10:47  Marine x2  
  168  10:48  Marine  
  179  10:52  Marauder  
  179  10:54  Marauder  
  179  10:55  Marine, Marauder  
  179  10:56  Marine  
  183  11:06  Marauder x2  
  183  11:09  Marine x2  
  183  11:10  Marine x2  
  149  11:13  Widow Mine, Marine x3  
  149  11:15  Marauder  
  149  11:16  Marine  
  140  11:26  Marine, Medivac x2  
  140  11:27  Marine x5  
  140  11:31  Marine, Marauder  
  140  11:32  Marine  
  152  11:34  Marauder  
  152  11:36  Marine  
  155  11:49  Missile Turret  
  155  11:55  Terran Vehicle And Ship Armor Level 1, Terran Infantry Armor Level 3  
  155  11:56  Medivac x2  
  155  11:58  Widow Mine x2  
  163  12:02  Marauder  
  163  12:03  Marine  
  163  12:04  Planetary Fortress  
  163  12:07  Marauder  
  165  12:17  Marauder x2  
  165  12:19  Widow Mine  
  173  12:25  Marine  
  173  12:26  Medivac x2  
  173  12:27  Marine x2, Widow Mine  
  173  12:28  Marine x2  
  188  12:33  Marine  
  189  12:38  Ghost  
  189  12:39  Ghost x2  
  189  12:48  Siege Tank  
  192  12:56  Medivac x2, Marauder x2  
  200  13:00  Refinery  
  200  13:01  Refinery  
  200  13:06  Command Center  
  188  13:21  Marauder, Marine  
  188  13:23  Marauder  
  185  13:27  Medivac x2  
  185  13:29  Ghost x2  
  185  13:30  Ghost  
  195  13:41  Marine x2  
  197  13:42  Ghost  
  199  13:49  Marine  
  197  13:57  Ghost  
  197  14:00  Marine  
  197  14:01  Marauder  
  198  14:03  Ghost  
  193  14:40  Ghost x2, Marine x2  
  176  14:52  Marauder, Marine x3  
  181  14:53  Marine, Marauder  
  181  14:54  Marauder  
  184  15:03  Marine x2  
  186  15:09  Marine, Marauder x2  
  186  15:13  Ghost  
  186  15:14  Ghost x2, Marine  
  168  15:18  Widow Mine  
  155  15:27  Marine  
  149  15:30  Ghost  
  149  15:31  Marine, Marauder  
  152  15:52  Orbital Command  
  152  15:56  Missile Turret  
  152  16:07  Planetary Fortress  
  152  16:23  Ghost, Bunker  
  154  16:26  Widow Mine  
  154  16:28  Widow Mine x2  
  160  16:38  Ghost  
  162  16:43  Ghost x2  
  163  16:52  Ghost, Liberator  
  163  16:53  Marine x2  
  167  16:55  Widow Mine, Liberator  
  167  16:56  Marine  
  167  16:57  Marine, Marauder  
  167  17:00  Widow Mine x2  
  177  17:07  Marauder  
  179  17:12  Marauder x2  
  189  17:15  Marine  
  189  17:18  Marauder  
  189  17:21  Marauder  
  194  17:23  Widow Mine  
  194  17:26  Marine  
  194  17:29  Marauder  
  199  17:35  Marauder, Marine  
  198  17:38  Marauder  
  198  17:39  Marine x3  
  200  17:49  Liberator x2  
  171  18:04  Ghost x2  
  163  18:08  Ghost x2  
  173  18:17  Ghost  
  159  18:28  Marine x2  
  159  18:32  Ghost  
  159  18:33  Ghost  
  141  18:35  Marine  
  141  18:36  Marine  
  141  18:37  Ghost x2  
  141  18:41  Marine x2  
  147  18:43  Liberator  
  147  18:46  Marine, Liberator  
  147  18:47  Marauder  
  150  18:51  Marine  
  150  18:53  Marine  
  152  18:56  Widow Mine x2  
  152  19:02  Marauder x2  
  163  19:06  Marine, Marauder  
  169  19:16  Marauder  
  173  19:17  Marauder  
  173  19:23  Marauder x2  
  177  19:28  Marauder  
  179  19:37  Marauder  
  183  19:38  Marauder  
  183  19:45  Marauder x2  
  190  19:48  Marine  
  190  19:49  Marauder  
  193  19:55  Refinery  
  193  19:57  Command Center  
  193  19:58  Command Center, Refinery  
Tags
 
Add a new tag
Caveats
  • Supply blocks, unpowered buildings, or Contaminate may cause inaccurate times.
  • Supply counts are checked every 10 seconds.